 Dungeon Crawl Stone Soup version 0.28-a0-472-g50180c0d78 (webtiles) character file.

Game seed: 15920600779633292659

21 Jawa73 the Skirmisher (level 2, 0/24 HPs)
             Began as a Demonspawn Abyssal Knight on Sept 15, 2021.
             Was a Follower of Lugonu.
             Succumbed to an adder's poison
             ... on level 2 of the Dungeon.
             The game lasted 00:02:09 (1272 turns).

Jawa73 the Skirmisher (Demonspawn Abyssal Knight)   Turns: 1272, Time: 00:02:10

Health: 0/24       AC:  3    Str: 12    XL:     2   Next: 65%
Magic:  3/3        EV: 10    Int: 13    God:    Lugonu [*.....]
Gold:   34         SH:  3    Dex: 12    Spells: 1/1 levels left

rFire   . . .      SeeInvis .   a - +1 falchion
rCold   . . .      Faith    .   e - +0 buckler
rNeg    + . .      Spirit   .   b - +0 leather armour
rPois   .          Reflect  .   (no helmet)
rElec   .          Harm     .   (no cloak)
rCorr   .          Rampage  .   (no gloves)
Will    .....                   (no boots)
Stlth   +.........              (no amulet)
HPRegen 0.08/turn               f - ring of positive energy
MPRegen 0.08/turn               (no ring)

@: lethally poisoned (0 -> -3)
A: talons 1
a: Renounce Religion, Depart the Abyss


You were on level 2 of the Dungeon.
You worshipped Lugonu.
Lugonu was aware of your devotion.
You visited 1 branch of the dungeon, and saw 2 of its levels.
You visited the Abyss 1 time.

You collected 34 gold pieces.

Inventory:

Hand Weapons
 a - a +1 falchion (weapon)
Armour
 b - a +0 leather armour (worn)
 e - a +0 buckler (worn)
Jewellery
 f - a ring of positive energy (left hand)
Potions
 c - a potion of might {unknown}
 d - a potion of lignification {unknown}


   Skills:
 + Level 3.4 Fighting
 * Level 2.1 Long Blades
 * Level 2.0 Armour
 - Level 1.0 Dodging
 * Level 0.1 Shields
 * Level 2.6 Invocations


You had one spell level left.
You didn't know any spells.
Your spell library was empty.

Dungeon Overview and Level Annotations

Branches:
Dungeon (2/15)

Altars:


Innate Abilities, Weirdness & Mutations

You have sharp toenails.


Message History

You are too injured to fight recklessly!
You are too injured to fight recklessly!
You are too injured to fight recklessly!
You are too injured to fight recklessly!
You are too injured to fight recklessly!
You are too injured to fight recklessly!
You barely miss the adder. Your kick misses the adder.
The adder is severely wounded.
The adder bites you. The adder barely misses you.
You hit the adder.
The adder is almost dead.
The adder barely misses you.
You miss the adder. Your kick misses the adder.
The adder is almost dead.
The adder bites you. The adder bites you but does no damage.
You closely miss the adder.
The adder is almost dead.
The adder bites you but does no damage. x2
You barely miss the adder. Your kick misses the adder.
The adder is almost dead.
You block the adder's attack.
You barely miss the adder. You claw the adder, but do no damage.
The adder is almost dead.
The adder bites you.
* * * LOW HITPOINT WARNING * * *
You are lethally poisoned!
The adder poisons you! The adder bites you.
* * * LOW HITPOINT WARNING * * *
You hit the adder.
You kill the adder!
Lugonu accepts your kill.
* * * LOW HITPOINT WARNING * * *
You feel sick.
Your Armour skill increases to level 2!
* * * LOW HITPOINT WARNING * * *
You feel sick.
You see here an adder corpse.
* * * LOW HITPOINT WARNING * * *
You feel sick.
You die...

##.## #..#
#^#
#..########
#.#
#..........
..#
#.#########
### ##.##
##...##
##(..†.##
#..)....##.#
#....@.....#
#.......##.#
##.....## ..
##...## .
#####


There were no monsters in sight!

Vanquished Creatures
  An adder (D:2)
  A dart slug (D:1)
  2 bats
  An endoplasm (D:1)
  A giant cockroach (D:1)
  2 goblins (D:1)
  A ball python (D:1)
  A kobold (D:1)
10 creatures vanquished.

Vanquished Creatures (others)
  2 plants (D:1)
2 creatures vanquished.

Grand Total: 12 creatures vanquished

Notes
Turn   | Place    | Note
-------+----------+-------------------------------------------
     0 | Abyss:1  | Jawa73 the Demonspawn Abyssal Knight began the quest for
                  | the Orb.
     0 | Abyss:1  | Reached XP level 1. HP: 18/18 MP: 2/2
   436 | Abyss:1  | Noticed a small abomination
   440 | D:1      | Escaped the Abyss
   529 | D:1      | Reached skill level 1 in Dodging
   691 | D:1      | Found a faded altar of an unknown god.
   749 | D:1      | Gained mutation: You have sharp toenails. [demonic
                  | ancestry]
   749 | D:1      | Reached XP level 2. HP: 24/24 MP: 3/3
  1271 | D:2      | HP: 1/24 [poisoned by an adder]
  1272 | D:2      | Succumbed to an adder's poison

Illustrated notes

Levels and vault maps discovered:
D:1:      nicolae_arrival_somewhat_less_tricky_arrival, layout_rooms,
          dilly_ecumenical_altar_fadedgnrine, minmay_misc_feat_tower
D:2:      layout_loops_ring, uniq_crazy_yiuf_cottage, uniq_jessica

Skill      XL: |  1  2 |
---------------+-------+-----
Dodging        | 1 |  1.0
Long Blades    | 2 |  2.1
Armour         | 2 |  2.0
Fighting       | |  3.4
Shields        | |  0.1
Invocations    | |  2.6

Action                   || total
-------------------------++-------
Melee: Falchion          ||    38
       Kick              ||     5
  Use: Scroll            ||     3
Armor: Leather armour    ||    11
Dodge: Dodged            ||    25
Block: Buckler           ||     5

Table legend: (Time is in decaauts)
 A = Elapsed time spent in this place.
 B = Non-inter-level travel time spent in this place.
 C = Inter-level travel time spent in this place.
 D = Time resting spent in this place.
 E = Time spent auto-exploring this place.
 F = Levels seen in this place.
 G = Mean time per level.
                   A        B        C        D        E       F      G
               +--------+--------+--------+--------+--------+-----+--------+
         Total |   1280 |   1232 |     48 |    419 |    652 |   3 |  426.7 |
       Dungeon |    840 |    792 |     48 |      0 |    646 |   2 |  420.0 |
         Abyss |    440 |    440 |      0 |    419 |      6 |   1 |  440.0 |
               +--------+--------+--------+--------+--------+-----+--------+

Top non-repeatable levels by time:
     D:1: 779 daAuts
 Abyss:1: 440 daAuts
     D:2: 60 daAuts
